 Dungeon Crawl Stone Soup version 0.27-a0-1140-g099f9bb0e8 (webtiles) character file.

Game seed: 11515475869686635977

488 dickylongcocking the Magician (level 7, 0/52 HPs)
             Began as a Djinni Fire Elementalist on May 9, 2021.
             Slain by a steam dragon (10 damage)
             ... on level 4 of the Dungeon.
             The game lasted 00:04:46 (5718 turns).

dickylongcocking the Magician (DjFE)                Turns: 5718, Time: 00:04:47

Health: 0/52       AC:  8    Str:  7    XL:     7   Next: 13%
Gold:   89         EV: 12    Int: 18    God:
                   SH:  4    Dex: 14

rFire    + + .     SeeInvis .   h - +1 dagger (venom)
rCold    x . .     Faith    .   t - +0 buckler
rNeg     . . .     Spirit   .   j - +2 animal skin
rPois    ∞         Reflect  .   k - +2 helmet
rElec    .         Harm     .   u - +0 cloak
rCorr    .         Rampage  .   (no gloves)
Will     .....                  (boots unavailable)
Stlth    ++........             (no amulet)
HPRegen  0.17/turn              (no ring)
MPRegen  0.00/turn              (no ring)

@: flying
A: sickness immunity, fire resistance 2, cold vulnerability 1, float, innate
caster, hp casting, extra vitality 1
a: no special abilities


You were on level 4 of the Dungeon.
You visited 1 branch of the dungeon, and saw 4 of its levels.

You collected 89 gold pieces.

Inventory:

Hand Weapons
 h - a +1 dagger of venom (weapon)
 i - a +2 dagger of speed
Armour
 a - a +0 robe
 j - a +2 animal skin (worn)
 k - a +2 helmet (worn)
 t - a +0 buckler (worn)
 u - a +0 cloak (worn)
Scrolls
 b - a scroll of immolation {unknown}
 c - a scroll of identify {unknown}
 e - a scroll of fog {unknown}
 f - a scroll of teleportation {unknown}
 l - a scroll of enchant armour {unknown}
 n - a scroll of brand weapon {unknown}
 p - a scroll of amnesia {unknown}
 q - a scroll of magic mapping {unknown}
 s - a scroll of blinking {unknown}
Potions
 d - a potion of flight
 g - a potion of curing {unknown}
 m - a potion of degeneration {unknown}
 o - 2 potions of mutation {unknown}
 r - a potion of magic {unknown}


   Skills:
 * Level 4.2 Fighting
 * Level 1.9 Short Blades
 - Level 2.2 Dodging
 - Level 1.5 Stealth
 * Level 1.6 Shields
 * Level 4.7 Spellcasting


You couldn't memorise any spells.
You knew the following spells:

 Your Spells              Type           Power      Damage    Failure   Level
a - Foxfire               Conj/Fire      84%        2x1d8     2%          1
b - Conjure Flame         Conj/Fire      21%        6-21      8%          3
c - Inner Flame           Hex/Fire       21%        N/A       8%          3
d - Sticky Flame          Conj/Fire      21%        2d4       26%         4
e - Fireball              Conj/Fire      10%        3d6       56%         5
f - Magic Dart            Conj           84%        1d7       2%          1
g - Ensorcelled Hibernat  Hex/Ice        42%        N/A       3%          2
h - Ozocubu's Armour      Ice            21%        N/A       8%          3
Your spell library was empty.

Dungeon Overview and Level Annotations

Branches:
Dungeon (4/15)
 Temple: D:4-7

Altars:


Innate Abilities, Weirdness & Mutations

You are immune to sickness and miasma.
You are immune to poison.
Your flesh is very heat resistant. (rF++)
You are vulnerable to cold. (rC-)
You float through the air rather than walking.
You learn spells naturally, not from books.
Your magical power is your life essence.
You have superior vitality. (+4 HP)


Message History

The steam dragon is engulfed in blazing flames.
Unknown command.
Unknown command.
You closely miss the steam dragon.
The steam dragon is severely wounded.
The steam dragon bites you. You block the steam dragon's attack.
Casting: Ensorcelled Hibernation (safe; 3% risk of failure)
Confirm with . or Enter, or press ? or * to list all spells.
Aiming: Ensorcelled Hibernation (safe; 3% risk of failure)
Press: ? - help, Shift-Dir - straight line, f/p - steam dragon
Aim: a steam dragon (severely wounded, chance to affect: 50%)
The steam dragon resists with some effort.
The steam dragon barely misses you. x2
Unknown command.
Casting: Ensorcelled Hibernation (safe; 3% risk of failure)
Confirm with . or Enter, or press ? or * to list all spells.
Aiming: Ensorcelled Hibernation (safe; 3% risk of failure)
Press: ? - help, Shift-Dir - straight line, f/p - steam dragon
Aim: a steam dragon (severely wounded, chance to affect: 50%)
The steam dragon resists with some effort.
The steam dragon breathes steam at you. The ball of steam hits you. You resist.
You hear a shout!
Unknown command.
Casting: Ensorcelled Hibernation (safe; 3% risk of failure)
Confirm with . or Enter, or press ? or * to list all spells.
Okay, then.
The steam dragon bites you.
* * * LOW HITPOINT WARNING * * *
The steam dragon completely misses you.
Unknown command.
Casting: Ensorcelled Hibernation (safe; 3% risk of failure)
Confirm with . or Enter, or press ? or * to list all spells.
Aiming: Ensorcelled Hibernation (safe; 3% risk of failure)
Press: ? - help, Shift-Dir - straight line, f/p - steam dragon
Aim: a steam dragon (severely wounded, catching its breath, chance to affect: 50%)
The steam dragon resists with some effort.
* * * LOW HITPOINT WARNING * * *
The steam dragon bites you!
You die...

#.....#########.#
#...............#
####.........#..####
........####....#
#.####.##.########
#§#.......†.......
##
#)####.###.######.
....###D####.# #.#
###...§§@.##.# #.#
#...###.#.##.# #.#
####.# #.§§#.#..#
#.#
.....###.###.#.##
#.#
#.....###.#.####.#
#.......)........#
#.#######.#.####.#
#.#######.#.#
#.........#.#


You could see a steam dragon.

Vanquished Creatures
  Edmund (D:4)
  A black bear (D:4)
  A hound (D:3)
  Jessica (D:2)
  Terence (D:3)
  A killer bee zombie (D:3)
  Robin (D:2)
  4 gnolls
  3 adders
  4 worms
  4 dart slugs
  7 ball pythons
  11 bats
  2 endoplasms (D:1)
  16 goblins
  11 hobgoblins
  4 jackals
  8 kobolds
  A quokka (D:4)
  3 frilled lizards
  7 rats
92 creatures vanquished.

Vanquished Creatures (others)
  286 foxfires
286 creatures vanquished.

Grand Total: 378 creatures vanquished

Notes
Turn   | Place    | Note
-------+----------+-------------------------------------------
     0 | D:1      | dickylongcocking the Djinni Fire Elementalist began the
                  | quest for the Orb.
     0 | D:1      | Reached XP level 1. HP: 15/15 MP: 0/0
   234 | D:1      | Reached XP level 2. HP: 11/22 MP: 0/0
   587 | D:1      | Reached skill level 1 in Fighting
   595 | D:1      | Reached XP level 3. HP: 17/27 MP: 0/0
   595 | D:1      | Learned a level 1 spell: Magic Dart
  2060 | D:2      | Reached XP level 4. HP: 19/33 MP: 0/0
  3155 | D:2      | Noticed Robin
  3162 | D:2      | Killed Robin
  3662 | D:2      | Reached XP level 5. HP: 38/40 MP: 0/0
  3662 | D:2      | Learned a level 2 spell: Ensorcelled Hibernation
  3953 | D:2      | Found a faded altar of an unknown god.
  4234 | D:2      | Noticed Jessica
  4239 | D:2      | Killed Jessica
  4546 | D:3      | Noticed Terence
  4558 | D:3      | Killed Terence
  4851 | D:3      | Reached XP level 6. HP: 40/47 MP: 0/0
  4951 | D:3      | Reached skill level 1 in Short Blades
  5432 | D:4      | Noticed Edmund
  5472 | D:4      | Killed Edmund
  5473 | D:4      | Reached skill level 1 in Shields
  5693 | D:4      | Noticed a black bear
  5699 | D:4      | Noticed a steam dragon
  5711 | D:4      | Killed a black bear
  5712 | D:4      | Reached XP level 7. HP: 29/52 MP: 0/0
  5712 | D:4      | Learned a level 3 spell: Ozocubu's Armour
  5718 | D:4      | Slain by a steam dragon

Illustrated notes

Levels and vault maps discovered:
D:1:      co_arrival_random_square_maze, layout_basic
D:2:      layout_loops_cross, hellmonk_ecumenical_altar_zigzags, uniq_jessica,
          uniq_robin
D:3:      layout_basic, minmay_fractal_squares_diagonal_5, uniq_terence
D:4:      layout_basic, kennysheep_mini, serial_shops, kennysheep_little_box,
          minmay_manual_macuahuitl, uniq_pikel, uniq_menkaure, uniq_edmund

Skill      XL: |  1  2  3  4  5  6 |
---------------+-------------------+-----
Spellcasting   | 3 4 |  4.7
Fighting       | 1 2 3 4 |  4.2
Short Blades   | 1 |  1.9
Shields        | 1 |  1.6
Dodging        | |  2.2
Stealth        | |  1.5

Action                   |  1- 3 |  4- 6 |  7- 9 || total
-------------------------+-------+-------+-------++-------
Melee: Unarmed           |     4 |       |       ||     4
       Dagger            |       |    94 |     1 ||    95
 Cast: Foxfire           |    97 |    84 |       ||   181
       Inner Flame       |       |     4 |       ||     4
       Ensorcelled Hiber |       |     6 |     4 ||    10
  Use: Potion            |       |     1 |       ||     1
 Stab: Sleeping          |     1 |     7 |       ||     8
Armor: Robe              |     6 |     3 |       ||     9
       Animal skin       |       |    36 |       ||    36
Dodge: Dodged            |    19 |    62 |     3 ||    84
Block: Buckler           |       |     7 |     1 ||     8

Table legend: (Time is in decaauts)
 A = Elapsed time spent in this place.
 B = Non-inter-level travel time spent in this place.
 C = Inter-level travel time spent in this place.
 D = Time resting spent in this place.
 E = Time spent auto-exploring this place.
 F = Levels seen in this place.
 G = Mean time per level.
                   A        B        C        D        E       F      G
               +--------+--------+--------+--------+--------+-----+--------+
         Total |   5722 |   5575 |    147 |   1208 |   3642 |   4 | 1430.5 |
       Dungeon |   5722 |   5575 |    147 |   1208 |   3642 |   4 | 1430.5 |
               +--------+--------+--------+--------+--------+-----+--------+

Top non-repeatable levels by time:
     D:1: 3273 daAuts
     D:3: 1075 daAuts
     D:2: 1033 daAuts
     D:4: 339 daAuts
